 Dungeon Crawl Stone Soup version 0.27.1-35-g4d5d836560 (webtiles) character file.

Game seed: 13723233581191743213

50 Delamore the Sneak (level 3, -1/24 HPs)
             Began as an Octopode Brigand on Mar 8, 2022.
             Slain by Crazy Yiuf (16 damage)
             ... on level 2 of the Dungeon.
             The game lasted 00:01:00 (1502 turns).

Delamore the Sneak (Octopode Brigand)               Turns: 1502, Time: 00:01:01

Health: -1/24      AC:  1    Str: 10    XL:     3   Next: 79%
Magic:  3/3        EV: 12    Int: 13    God:
Gold:   115        SH:  0    Dex: 14    Spells: 2/2 levels left

rFire    . . .     SeeInvis .   a - +2 dagger
rCold    . . .     Faith    .   (no shield)
rNeg     . . .     Spirit   .   (helmet restricted)
rPois    .         Reflect  .   (no amulet)
rElec    .         Harm     .   g - ring of willpower
rCorr    .         Rampage  .   (no ring)
Will     +....                  (no ring)
Stlth    ++++......             (no ring)
HPRegen  0.08/turn              (no ring)
MPRegen  0.08/turn              (no ring)
                                (no ring)
                                (no ring)

@: no status effects
A: almost no armour, amphibious, 8 rings, camouflage 1, gelatinous body 1,
(nimble swimmer 1), tentacles
a: no special abilities


You were on level 2 of the Dungeon.
You visited 1 branch of the dungeon, and saw 2 of its levels.

You collected 115 gold pieces.

Inventory:

Hand Weapons
 a - a +2 dagger (weapon)
Missiles
 b - 8 poisoned darts (quivered)
 c - 2 curare-tipped darts
Jewellery
 g - a ring of willpower (left tentacle)
Scrolls
 d - 3 scrolls of identify
 e - 2 scrolls of teleportation
Potions
 f - a potion of degeneration


   Skills:
 - Level 2.0 Fighting
 + Level 2.8 Short Blades
 - Level 2.0 Throwing
 - Level 1.0 Dodging
 * Level 6.7 Stealth


You had 2 spell levels left.
You didn't know any spells.
Your spell library contained the following spells:

 Spells                   Type           Power      Damage    Failure   Level
 Magic Dart               Conj           0%         1d3       30%         1
 Searing Ray              Conj           0%         3d3       43%         2
 Fulminant Prism          Conj/Hex       0%         3d6       97%         4
 Fireball                 Conj/Fire      0%         3d3       100%        5
 Starburst                Conj/Fire      0%         6d3       100%        6
 Ignition                 Fire           0%         3d3       100%        8


Dungeon Overview and Level Annotations

Branches:
Dungeon (2/15)

Altars:

Annotations:
D:2 Crazy Yiuf


Innate Abilities, Weirdness & Mutations

You cannot wear most types of armour.
You are amphibious.
You can wear up to eight rings at the same time.
Your skin changes colour to match your surroundings (Stealth+).
Your rubbery body absorbs attacks. (AC +1, EV +1)
((You are camouflaged near water. (Stealth+)))
You have tentacles for arms and can constrict up to eight enemies at once.


Message History

You kill the goblin!
No target in view!
No target in view!
No target in view!
No target in view!
No target in view!
A kobold comes into view. It is wielding a +0 club.
A kobold is nearby!
A kobold is nearby!
The kobold hits you with a +0 club.
You hit the kobold.
You kill the kobold!
No target in view!
No target in view!
No target in view!
No target in view!
No target in view!
No target in view!
Okay, then.
As you read the scroll of identify, it crumbles to dust.
f - a potion of degeneration
Things that are here:
a +0 club; 2 stones
Things that are here:
a +0 club; 2 stones You see here a +0 dagger.
You see here a +0 dagger.
There is a stone staircase leading up here.
There is a stone staircase leading up here.
Found a mace.
Found a runed translucent door.
Could not explore, unopened runed door.
Could not explore, unopened runed door.
You open the door.
Crazy Yiuf shouts!
There is an open translucent door here.
Crazy Yiuf whimpers, "East blue blue!"
Crazy Yiuf hits you with a +4 quarterstaff of chaos!
Space warps horribly around you!
Ouch! That really hurt!
You die...

## #.# #....# #
#.# #...## #.#
##.## #.####
#.## ####....###
##.# ..........#
#.## #######.#.#
##.# #.#.# ##'##
#.#.## #.@.#
#....# #.g.#
###.## #..)#
########...#
#####
........####
.###.#..# #####
###
(###....###...##
#.#
....###....#...#
#.#
......#..###.#.#
#.#


You could see Crazy Yiuf.

Vanquished Creatures
  2 adders (D:2)
  A dart slug (D:1)
  4 endoplasms
  A giant cockroach (D:2)
  A goblin (D:2)
  A hobgoblin (D:2)
  3 jackals (D:2)
  4 kobolds
  2 quokkas (D:1)
  2 ball pythons
  2 bats (D:1)
  3 frilled lizards (D:2)
  3 rats
29 creatures vanquished.

Notes
Turn   | Place    | Note
-------+----------+-------------------------------------------
     0 | D:1      | Delamore the Octopode Brigand began the quest for the Orb.
     0 | D:1      | Reached XP level 1. HP: 14/14 MP: 1/1
   131 | D:1      | Found a faded altar of an unknown god.
   153 | D:1      | Reached XP level 2. HP: 19/19 MP: 2/2
   735 | D:2      | Reached skill level 6 in Stealth
   903 | D:2      | Reached XP level 3. HP: 17/24 MP: 3/3
  1496 | D:2      | Found a runed translucent door.
  1497 | D:2      | Noticed Crazy Yiuf
  1502 | D:2      | Slain by Crazy Yiuf

Illustrated notes

Levels and vault maps discovered:
D:1:      dpeg_arrival_oval, layout_basic, basic_ecumenical_altar
D:2:      layout_loops_ring, uniq_crazy_yiuf_cottage

Skill      XL: |  1  2 |
---------------+-------+-----
Stealth        | 6 |  6.7
Fighting       | |  2.0
Short Blades   | |  2.8
Throwing       | |  2.0
Dodging        | |  1.0

Action                   || total
-------------------------++-------
Melee: Dagger            ||    48
       Constrict         ||     7
       Tentacles         ||     7
  Use: Scroll            ||     2
 Stab: Sleeping          ||    15
Armor: Skin              ||     1
Dodge: Dodged            ||    18
